 Dungeon Crawl Stone Soup version 0.27.1-33-g824d729ab1 (webtiles) character file.

Game seed: 5748756962940073670

821 Thatpatchoflichen the Ducker (level 8, -3/48 HPs)
             Began as a Kobold Gladiator on Dec 18, 2021.
             Was an Initiate of Wu Jian.
             Succumbed to barbed spike wounds
             ... on level 6 of the Dungeon on Dec 19, 2021.
             The game lasted 00:18:50 (6945 turns).

Thatpatchoflichen the Ducker (Kobold Gladiator)     Turns: 6945, Time: 00:18:50

Health: -3/48      AC: 12    Str: 11    XL:     8   Next: 17%
Magic:  12/12      EV: 13    Int:  9    God:    Wu Jian [......]
Gold:   292        SH:  0    Dex: 19    Spells: 13/13 levels left

rFire    . . .     SeeInvis +   r - +2 dagger (venom)
rCold    . . .     Faith    .   (shield restricted)
rNeg     . . .     Spirit   .   j - +0 scale mail
rPois    .         Reflect  .   c - +0 helmet
rElec    .         Harm     .   D - +1 cloak
rCorr    +         Rampage  .   (no gloves)
Will     .....                  f - +2 pair of boots
Stlth    ++........             (no amulet)
HPRegen  0.16/turn              p - ring of see invisible
MPRegen  0.13/turn              G - ring of resist corrosion

@: spiked
A: small, no large weapons, nightstalker 3
a: Renounce Religion


You were on level 6 of the Dungeon.
You worshipped Wu Jian.
Wu Jian was noncommittal.
You visited 2 branches of the dungeon, and saw 7 of its levels.

You collected 292 gold pieces.

Inventory:

Hand Weapons
 a - a +0 rapier
 r - a +2 dagger of venom (weapon)
Missiles
 d - 3 throwing nets (quivered)
 n - 33 bolts
 E - 25 poisoned darts
Armour
 b - a +0 leather armour
 c - a +0 helmet (worn)
 f - a +2 pair of boots (worn)
 g - a +0 buckler
 j - a +0 scale mail (worn)
 k - a +0 buckler
 D - a +1 cloak (worn)
Jewellery
 p - a ring of see invisible (left hand)
 G - a ring of resist corrosion (right hand)
Scrolls
 m - 2 scrolls of vulnerability {unknown}
 o - a scroll of brand weapon {unknown}
 q - 2 scrolls of blinking {unknown}
 t - a scroll of teleportation {unknown}
 u - 2 scrolls of identify {unknown}
 v - a scroll of enchant weapon {unknown}
 y - a scroll of enchant armour {unknown}
 z - a scroll of silence {unknown}
 B - a scroll of torment {unknown}
 C - a scroll of magic mapping {unknown}
 I - a scroll of immolation {unknown}
 J - a scroll of amnesia {unknown}
Potions
 e - 2 potions of curing {unknown}
 h - a potion of heal wounds {unknown}
 i - 2 potions of lignification {unknown}
 l - a potion of haste {unknown}
 s - 2 potions of invisibility {unknown}
 w - a potion of might {unknown}
 x - 2 potions of mutation {unknown}
 A - a potion of brilliance {unknown}
 F - a potion of flight {unknown}
 H - a potion of magic {unknown}


   Skills:
 + Level 4.9 Fighting
 + Level 5.3 Short Blades
 - Level 2.1 Throwing
 - Level 6.0 Dodging
 - Level 3.0 Stealth
 - Level 3.0 Spellcasting
 - Level 4.0 Hexes


You had 13 spell levels left.
You didn't know any spells.
Your spell library contained the following spells:

 Spells                   Type           Power      Damage    Failure   Level
 Slow                     Hex            8%         N/A       50%         2
 Confusing Touch          Hex            8%         N/A       73%         3
 Animate Skeleton         Necr           2%         N/A       88%         1
 Pain                     Necr           4%         1d4       88%         1
 Static Discharge         Conj/Air       1%         N/A       96%         2
 Vampiric Draining        Necr           0%         2d6       99%         3
 Dispel Undead            Necr           1%         3d6       100%        4
 Hailstorm                Conj/Ice       1%         3d3       100%        4
 Ice Form                 Ice/Tmut       1%         N/A       100%        4
 Sticky Flame             Conj/Fire      1%         2d3       100%        4
 Simulacrum               Ice/Necr       0%         N/A       100%        6


Dungeon Overview and Level Annotations

Branches:
Dungeon (6/15)             Temple (1/1) D:4

Altars:
Ashenzari
Cheibriados
Elyvilon
Kikubaaqudgha
Makhleb
Okawaru
Sif Muna
Trog
Wu Jian
Xom
Yredelemnul
The Shining One

Annotations:
D:2 Robin


Innate Abilities, Weirdness & Mutations

You are small and have problems with some larger weapons.
You are completely attuned to the shadows.


Message History

You hear an angry hiss.
A steam dragon comes into view.
The electric eel shoots out a bolt of lightning at you!
The bolt of electricity hits you but does no damage.
The electric eel shoots out a bolt of lightning at you!
The bolt of electricity hits the plant!
The bolt of electricity hits you. The steam dragon breathes steam at you.
The ball of steam hits the plant!!
The ball of steam hits you.
The plant is engulfed in a cloud of scalding steam.
A nearby plant withers and dies.
The plant is engulfed in a cloud of scalding steam.
The plant begins to die.
You enter the shallow water.
Moving in this stuff is going to be slow.
A nearby plant withers and dies.
A killer bee zombie comes into view.
A manticore comes into view.
The manticore flicks its tail.
The volley of spikes hits you.
The barbed spikes become lodged in your body.
The barbs in your skin will harm you if you move.
Continue? [Y]es or [N]o only, please.
The barbs in your skin will harm you if you move.
Continue? [Y]es or [N]o only, please.
The barbs in your skin will harm you if you move.
Continue? [Y]es or [N]o only, please.
The barbs in your skin will harm you if you move.
Continue?
The barbed spikes dig painfully into your body as you move.
The manticore flicks its tail.
The volley of spikes misses you.
The barbed spikes dig painfully into your body as you move.
The manticore flicks its tail.
The volley of spikes hits you.
The barbed spikes become lodged in your body.
* * * LOW HITPOINT WARNING * * *
The barbed spikes dig painfully into your body as you move.
* * * LOW HITPOINT WARNING * * *
The barbed spikes dig painfully into your body as you move.
* * * LOW HITPOINT WARNING * * *
The barbed spikes dig painfully into your body as you move.
You die...

............##.#.#.#
#....<#.##.#
.........##...#.#
#.....#.##.#
.........###..#.#
#####.#.##.# .........#
#..#.# #........[#
.........#
#..#.####.##.#.####
.§≈§§....#
##.#.........#.####
≈§D.§§.#.#
#.#..####...#.....
≈§;≈≈.§..## #.#..#
#.######## ≈≈≈≈≈≈.§..#
#@#..# #..... #
≈≈≈≈≈≈†≈≈.###.#..####..###
#
≈≈≈≈≈≈≈D..##Z#...........
# ≈P≈≈≈P........#.###..###
# ≈.≈P≈≈≈.........#.......
# .P≈≈≈≈≈≈H.....#.#.....##
# ..≈≈P≈≈≈P.....#.#.###.#
.≈≈≈≈P≈.#.#.#.....#
≈≈##.#...#.....# #.


You could see a killer bee zombie.

Vanquished Creatures
  An orc warrior (D:5)
  An ogre (D:4)
  Blork the orc (D:4)
  2 scorpions
  An electric eel (D:6)
  A howler monkey (D:5)
  2 jellies
  Natasha (thrice) (D:4)
  2 iguanas
  2 orc wizards (D:5)
  A killer bee zombie (D:5)
  A hound skeleton (D:4)
  2 adders
  An ufetubus (D:5)
  2 adder skeletons
  A worm (D:4)
  2 dart slugs (D:1)
  7 orcs
  6 endoplasms
  2 giant cockroaches (D:3)
  11 goblins
  5 hobgoblins
  6 kobolds
  7 quokkas
  3 ball pythons
  3 bats
  A frilled lizard (D:1)
  4 rats (D:1)
81 creatures vanquished.

Vanquished Creatures (others)
  2 plants (D:6)
2 creatures vanquished.

Grand Total: 83 creatures vanquished

Notes
Turn   | Place    | Note
-------+----------+-------------------------------------------
     0 | D:1      | Thatpatchoflichen the Kobold Gladiator began the quest for
                  | the Orb.
     0 | D:1      | Reached XP level 1. HP: 12/12 MP: 1/1
   211 | D:1      | Reached XP level 2. HP: 14/18 MP: 2/2
   344 | D:1      | Reached skill level 4 in Dodging
   857 | D:1      | Reached XP level 3. HP: 17/23 MP: 3/3
  1694 | D:2      | Found a faded altar of an unknown god.
  1700 | D:2      | Reached skill level 1 in Stealth
  1928 | D:2      | Noticed Robin
  2395 | D:2      | Reached XP level 4. HP: 23/29 MP: 4/4
  2623 | D:3      | Found a snail-covered altar of Cheibriados.
  2759 | D:3      | Noticed a scorpion
  2767 | D:3      | Killed a scorpion
  2768 | D:3      | Reached XP level 5. HP: 23/33 MP: 5/5
  3214 | D:3      | Reached skill level 5 in Dodging
  3966 | D:4      | Found a staircase to the Ecumenical Temple.
  3974 | Temple   | Entered the Ecumenical Temple
  4174 | Temple   | Became a worshipper of the Wu Jian Council
  4223 | D:4      | Noticed Natasha
  4229 | D:4      | Killed Natasha
  4230 | D:4      | Reached skill level 1 in Spellcasting
  4329 | D:4      | Reached skill level 1 in Hexes
  4329 | D:4      | Reached XP level 6. HP: 34/38 MP: 7/7
  4424 | D:4      | Noticed an ogre
  4444 | D:4      | Killed an ogre
  4526 | D:4      | Noticed Natasha
  4532 | D:4      | Killed Natasha
  4632 | D:4      | Noticed Blork the orc
  4653 | D:4      | Killed Blork the orc
  4654 | D:4      | Reached skill level 6 in Dodging
  4654 | D:4      | Reached XP level 7. HP: 29/43 MP: 10/10
  4960 | D:4      | Noticed Natasha
  4974 | D:4      | Killed Natasha
  5029 | D:5      | Entered Level 5 of the Dungeon
  5857 | D:5      | Found a broken altar of Ashenzari.
  5960 | D:5      | Reached XP level 8. HP: 37/48 MP: 12/12
  6319 | D:5      | Reached skill level 5 in Short Blades
  6939 | D:6      | Noticed a manticore
  6945 | D:6      | Succumbed to barbed spike wounds

Illustrated notes

Levels and vault maps discovered:
D:1:      roderic_octagonal_star, layout_loops_ring,
          hangedman_abyss_or_decor_lesser_grid, dk_noncrumbling_4,
          minmay_crystal_room
D:2:      layout_loops_ring, chequers_ecumenical_altar_simple, uniq_robin
D:3:      layout_rooms, general_overflow_altar, kennysheep_cross_room
D:4:      layout_basic, minmay_temple_entry_sparse_star, uniq_natasha,
          uniq_blork_the_orc
D:5:      layout_loops_corners, mainiacjoe_overflow_24_doors
D:6:      layout_basic, nicolae_dithmenos_shadow_blocks, chequers_big_river
Temple:   compressed_dpeg_circular_temple

Skill      XL: |  1  2  3  4  5  6  7  8 |
---------------+-------------------------+-----
Dodging        | 4 5 6 |  6.0
Fighting       | 3 4 |  4.9
Stealth        | 1 2 3 |  3.0
Spellcasting   | 1 2 3 |  3.0
Hexes          | 1 2 3 4 |  4.0
Short Blades   | 5 |  5.3
Throwing       | |  2.1

Action                   |  1- 3 |  4- 6 |  7- 9 || total
-------------------------+-------+-------+-------++-------
Melee: Rapier            |    99 |       |       ||    99
       Dagger            |    19 |   101 |    74 ||   194
Invok: Lunge             |       |     3 |     8 ||    11
 Stab: Sleeping          |     7 |     5 |     6 ||    18
       Distracted        |       |       |     1 ||     1
Armor: Leather armour    |    24 |    12 |    19 ||    55
       Scale mail        |       |       |     1 ||     1
Dodge: Dodged            |    71 |    50 |    58 ||   179
